[ AOE2 MATCH · #483800714 ]
UnrankedPersians vs Khmer
[ REPLAY ANALYSIS · EXTRACTED FROM THE RECORDED GAME ]
Feudal
—
Castle
—
Imperial
—
| APM avg | 6.8 |
| APM peak | 21 |
| eAPM avg | 4.5 |
| Villagers / military | 5 / 0 |
Focus
⚔️ 0.0% · 🌾 100.0%
Feudal
—
Castle
—
Imperial
—
| APM avg | 12.6 |
| APM peak | 36 |
| eAPM avg | 5.2 |
| Villagers / military | 4 / 0 |
Focus
⚔️ 0.0% · 🌾 100.0%
Feudal
—
Castle
—
Imperial
—
| APM avg | 19.3 |
| APM peak | 26 |
| eAPM avg | 9.3 |
| Villagers / military | 9 / 0 |
Focus
⚔️ 8.0% · 🌾 92.0%
Feudal
—
Castle
—
Imperial
—
| APM avg | 16.7 |
| APM peak | 23 |
| eAPM avg | 5.5 |
| Villagers / military | 12 / 0 |
Focus
⚔️ 0.0% · 🌾 100.0%
Feudal
—
Castle
—
Imperial
—
| APM avg | 16.7 |
| APM peak | 33 |
| eAPM avg | 6.4 |
| Villagers / military | 5 / 0 |
Focus
⚔️ 0.0% · 🌾 100.0%
Feudal
—
Castle
—
Imperial
—
| APM avg | 38.6 |
| APM peak | 57 |
| eAPM avg | 12.2 |
| Villagers / military | 6 / 0 |
Focus
⚔️ 9.7% · 🌾 90.3%
Match map
Initial resources + every placement click. Lines = walls · curves = elevation contours. ◆ gold · ⬟ stone · ● berries · ✦ relic · ◌ wall gap
Your base
Cwark San's base
carlosed93's base
Cpl.Psnype.ANZACS.NZ's base
TGX Haydz's base
mac3201's base
Smoothed initial terrain · ◌ = detected wall gap · hover for details
Inputs per minute
— Hinton_Cheung - - Cwark San
Build order — Hinton_Cheung
3 actions detected in the replay
| 0:03 | Queue | Villager (Male) ×5 |
| 0:10 | Build | House |
| 0:17 | Build | House |
Build order — Cwark San
4 actions detected in the replay
| 0:04 | Research | Loom |
| 0:04 | Queue | Villager (Male) ×4 |
| 0:25 | Build | House |
| 0:26 | Build | House |
Build order — carlosed93
11 actions detected in the replay
| 0:03 | Queue | Villager (Male) |
| 0:03 | Queue | Villager (Male) |
| 0:04 | Queue | Villager (Male) |
| 0:04 | Queue | Villager (Male) |
| 0:05 | Build | House |
| 1:27 | Queue | Villager (Male) |
| 1:28 | Queue | Villager (Male) |
| 2:16 | Build | House |
| 2:29 | Queue | Villager (Male) |
| 3:04 | Queue | Villager (Male) |
| 3:04 | Queue | Villager (Male) |
Build order — Cpl.Psnype.ANZACS.NZ
8 actions detected in the replay
| 0:04 | Queue | Villager (Male) ×4 |
| 0:04 | Queue | Villager (Male) ×4 |
| 0:07 | Build | House |
| 0:10 | Build | House |
| 1:57 | Queue | Villager (Male) |
| 1:58 | Queue | Villager (Male) |
| 2:21 | Queue | Villager (Male) |
| 2:30 | Queue | Villager (Male) |
Build order — TGX Haydz
8 actions detected in the replay
| 0:03 | Queue | Villager (Male) |
| 0:03 | Queue | Villager (Male) |
| 0:03 | Queue | Villager (Male) |
| 0:05 | Build | House |
| 0:07 | Build | House |
| 0:41 | Queue | Villager (Male) |
| 1:40 | Queue | Villager (Male) |
| 1:48 | Research | Loom |
Build order — mac3201
8 actions detected in the replay
| 0:04 | Build | House |
| 0:05 | Build | House |
| 0:06 | Queue | Villager (Male) |
| 0:06 | Queue | Villager (Male) |
| 0:06 | Queue | Villager (Male) |
| 0:07 | Queue | Villager (Male) |
| 1:40 | Queue | Villager (Male) |
| 2:19 | Queue | Villager (Male) |
Match timeline
| 0:49 | Hinton_Cheung · resign |
[ AI ANALYSIS · 1 CREDIT ]
What really happened in this match?
Wolo.gg analyzes every decision: build order, eco, micro, common mistakes by bracket. Personalized analysis on WhatsApp or Discord in 30 seconds.
Civ guide
Persians
Perfil
Jugador #3321525